 Dungeon Crawl Stone Soup version 0.29-a0-997-gf6f7e2dfe7 (webtiles) character file.

Game seed: 10345955069218331081

24350 gelatine the Cleaver (level 12, -9/94 HPs)
             Began as a Demonspawn Gladiator on Aug 5, 2022.
             Killed from afar by an ice statue (22 damage)
             ... with a shard of ice
             ... in an ice cave.
             The game lasted 00:59:29 (14567 turns).

gelatine the Cleaver (Demonspawn Gladiator)        Turns: 14567, Time: 00:59:31

Health: -9/94      AC: 16    Str: 29    XL:     12   Next: 79%
Magic:  24/24      EV: 13    Int: 14    God:
Gold:   1004       SH: 15    Dex: 15    Spells: 14/15 levels left

rFire   + + .      SeeInvis .   a - +10 war axe of Rienwoj {freeze, rPois rN+ Str+4}
rCold   + . .      Faith    .   s - +0 kite shield "Vone" {rElec rC+}
rNeg    + . .      Spirit   .   G - +0 acid dragon scales
rPois   +          Reflect  +   c - +1 helmet
rElec   +          Harm     .   y - +1 cloak
rCorr   +          Rampage  .   o - +0 pair of gloves of the Dancing Gods {rF+ Regen+ MP+9 Int+4}
Will    .....                   (no boots)
Stlth   ++........              e - amulet "Reonuhy" {Reflect Str+6 SH+5}
HPRegen 1.05/turn               H - +4 ring of slaying
MPRegen 0.19/turn               k - ring of protection from fire

@: studying Summonings
A: hooves 1, icy blue scales 2, demonic guardian 3, demonic magic 2
a: no special abilities


You were in an ice cave.
You visited 3 branches of the dungeon, and saw 14 of its levels.
You visited the Abyss 1 time.
You also visited: Sewer, Bailey and Ice Cave.

You collected 1004 gold pieces.

Inventory:

Hand Weapons
 a - the +10 war axe of Rienwoj (weapon) {freeze, rPois rN+ Str+4}
   (You found it on level 6 of the Dungeon)

   It freezes those it strikes, dealing additional cold damage.
   It can also slow down cold-blooded creatures.
   Str:       It affects your strength (+4).
   rPois:     It protects you from poison.
   rN:        It protects you from negative energy.
 b - the +2 dire flail of Crawling {antimagic, *Noise Drain Will+ Dex+8}
   (You took it off an ogre on level 3 of the Dungeon)

   It reduces the magical energy of the wielder, and disrupts the spells and
   magical abilities of those it strikes.
   Natural abilities and divine invocations are not affected.
   Dex:       It affects your dexterity (+8).
   *Noise:    It may make noises in combat.
   Drain:     It drains your maximum health when unequipped.
   Will:      It increases your willpower.
 A - the +7 long sword of Armageddon {freeze, Fragile Int+7 Dex+7}
   (You found it on level 9 of the Dungeon)

   It freezes those it strikes, dealing additional cold damage.
   It can also slow down cold-blooded creatures.
   Int:       It affects your intelligence (+7).
   Dex:       It affects your dexterity (+7).
   Fragile:   It will be destroyed if unequipped.
 R - the +7 broad axe of Qawafu {vorpal, rPois}
   (You acquired it in a bailey)

   It inflicts extra damage upon your enemies.
   rPois:     It protects you from poison.
 U - the +8 dagger "Lifebane" {venom, rN+ Int+3}
   (You found it in a bailey)

   It poisons the flesh of those it strikes.
   Int:       It affects your intelligence (+3).
   rN:        It protects you from negative energy.
 Y - a +1 arbalest
Missiles
 i - 2 poisoned darts
 M - 3 javelins
 O - 3 throwing nets
 P - a silver boomerang (quivered)
Armour
 c - a +1 helmet (worn)
 o - the +0 pair of gloves of the Dancing Gods (worn) {rF+ Regen+ MP+9 Int+4}
   (You acquired it in a sewer)

   Int:       It affects your intelligence (+4).
   rF:        It protects you from fire.
   MP:        It affects your magic capacity (+9).
   Regen:     It increases your rate of health regeneration.
 s - the +0 kite shield "Vone" (worn) {rElec rC+}
   (You acquired it in a sewer)

   rC:        It protects you from cold.
   rElec:     It insulates you from electricity.
 y - a +1 cloak (worn)
 G - +0 acid dragon scales (worn)
 N - a +2 ring mail of fire resistance
Jewellery
 e - the amulet "Reonuhy" (around neck) {Reflect Str+6 SH+5}
   (You acquired it in a sewer)

   [amulet of reflection]

   It reflects blocked missile attacks.
   Str:       It affects your strength (+6).
   SH:        It affects your SH (+5).
 g - a +6 ring of intelligence
 k - a ring of protection from fire (right hand)
 E - an amulet of magic regeneration
 H - a +4 ring of slaying (left hand)
 I - a ring of flight
 Q - an amulet of regeneration
 X - a ring of protection from fire
 Z - a ring of fire
Wands
 v - a wand of iceblast (11)
 C - a wand of charming (8)
 F - a wand of flame (10)
 L - a wand of polymorph (4)
Scrolls
 j - a scroll of noise
 l - 3 scrolls of enchant weapon
 n - 7 scrolls of teleportation
 p - 2 scrolls of amnesia
 q - 3 scrolls of vulnerability
 z - a scroll of blinking
 B - a scroll of summoning
 J - a scroll of brand weapon
 K - 2 scrolls of fear
 V - a scroll of poison
Potions
 d - 3 potions of attraction
 f - 6 potions of curing
 h - 2 potions of berserk rage
 r - a potion of resistance
 t - 3 potions of cancellation
 u - a potion of magic
 w - 2 potions of invisibility
 x - 4 potions of lignification
 D - 3 potions of flight
 S - a potion of ambrosia
 T - 4 potions of might
 W - a potion of mutation


   Skills:
 + Level 8.8 Fighting
 + Level 0.5 Short Blades
 + Level 12.3(12.4) Axes
 + Level 1.7(8.1) Maces & Flails
 + Level 0.5 Ranged Weapons
 + Level 4.3 Throwing
 + Level 7.1 Armour
 + Level 7.4 Dodging
 + Level 4.5 Stealth
 + Level 5.4 Shields
 + Level 2.3 Unarmed Combat
 + Level 2.4 Spellcasting
 + Level 3.1 Hexes
 + Level 2.3 Translocations
 + Level 3.7 Invocations
 + Level 2.6 Evocations


You had 14 spell levels left.
You knew the following spells:

 Your Spells              Type           Power      Damage    Failure   Level
a - Slow                  Hex            40%        N/A       22%         1

Your spell library contained the following spells:

 Spells                   Type           Power      Damage    Failure   Level
 Confusing Touch          Hex            10%        N/A       54%         3
 Sandblast                Erth           2%         2d4       58%         1
 Summon Small Mammal      Summ           4%         N/A       58%         1
 Passwall                 Tmut/Erth      0%         N/A       75%         2
 Summon Guardian Golem    Hex/Summ       6%         N/A       77%         3
 Call Canine Familiar     Summ           1%         N/A       92%         3
 Stone Arrow              Conj/Erth      2%         3d7       92%         3
 Vampiric Draining        Necr           1%         2d6       92%         3
 Animate Armour           Summ/Erth      2%         N/A       100%        4
 Fireball                 Conj/Fire      0%         3d3       100%        5
 Iskenderun's Battlesphe  Conj           1%         2d6       100%        5
 Conjure Ball Lightning   Conj/Air       0%         3x3d6     100%        6
 Orb of Destruction       Conj           0%         9d5       100%        7
 Borgnjor's Revivificati  Necr           0%         N/A       100%        8
 Lehudib's Crystal Spear  Conj/Erth      0%         10d2      100%        8
 Necromutation            Tmut/Necr      0%         N/A       100%        8
 Death's Door             Necr           0%         N/A       100%        9


Dungeon Overview and Level Annotations

Branches:
Dungeon (11/15)            Temple (1/1) D:6            Lair (2/5) D:8
 Shoals (0/4) Lair:2       Spider (0/4) Lair:2          Orc (0/2) D:10
  Sewer (visited)          Bailey (visited)           IceCv (1/1)

Altars:
Ashenzari
Dithmenos
Fedhas
Gozag
Hepliaklqana
Kikubaaqudgha
Makhleb
Nemelex Xobeh
Okawaru
Qazlal
Ru
Sif Muna
Trog
Uskayaw
Vehumet
Wu Jian
Xom
Yredelemnul

Shops:
D:4 :   D:8 (

Annotations:
Lair:2 3 runed translucent doors, Mistam's ghost, journeyman TeCj IceCv 1 transporter, exclusion: ice statue


Innate Abilities, Weirdness & Mutations

You have large cloven feet.
You are mostly covered in icy blue scales. (AC +3)
A powerful demonic guardian rushes to your aid.
Spells you cast may paralyse nearby enemies.


Message History

Your soul eater hits the ice beast!
The ice beast hits you but does no damage.
You block the ice beast's attack.
You slice the ice beast!!
You kill the ice beast!
The ice beast disappears in a puff of smoke!
You barely miss the ice beast.
You are engulfed in freezing vapours.
You resist.
* * * LOW HITPOINT WARNING * * *
The ice statue gestures at you. The bolt of cold hits you. You resist.
* * * LOW HITPOINT WARNING * * *
Your soul eater is engulfed in freezing vapours.
Your soul eater barely misses the ice beast.
The ice beast closely misses you.
Blink to where?
Press: ? - help, Q - select action, (/) - cycle Dir - move target
As you read the scroll of blinking, it crumbles to dust.
The ice statue glitters chillingly in the dim dungeon light.
The ice statue gestures at you. The freezing blast engulfs you. You resist.
* * * LOW HITPOINT WARNING * * *
Your soul eater is engulfed in freezing vapours.
Your soul eater hits the ice beast!
The ice beast hits your soul eater. The ice beast freezes your soul eater.
Your soul eater resists.
You slice the ice statue!!
The ice statue is moderately damaged.
You are engulfed in freezing vapours.
You resist.
* * * LOW HITPOINT WARNING * * *
A demonic guardian appears!
Your soul eater hits the ice beast!
The ice beast dies!
The ice beast disappears in a puff of smoke!
You slice the ice statue!!
The ice statue is severely damaged.
You are engulfed in freezing vapours.
You resist.
* * * LOW HITPOINT WARNING * * *
The ice statue gestures at you. The shard of ice hits you!!
You partially resist.
You die...

###############
#∩....§○°.8@○°#
#.....3§).○3○○#
##8..○.°..°○8##
##8.......8##
##8..©..8##
###########
##...8©8...##
#...[.©.(...#
##.....=.....##


You could see an ice statue (ally target), a friendly soul eater (summoned) and
a friendly sun demon (summoned).

Vanquished Creatures
  A hydra (Lair:1)
  Erolcha (D:11)
  Harold (D:10)
  2 two-headed ogres
  Amaemon (D:10)
  A cyclops (D:11)
  2 ugly things
  An ice statue (IceCv)
  An elephant (D:8)
  Joseph (D:10)
  2 merfolk sirens (Lair:2)
  An orange demon (D:10)
  Maggie (D:10)
  2 gargoyles (D:10)
  2 cane toads
  A komodo dragon (Lair:1)
  An unseen horror (D:11)
  A demonic crawler (Lair:2)
  2 kobold demonologists (Bailey)
  2 merfolk (Lair:2)
  A troll (D:10)
  2 hornets
  5 blink frogs (Lair:1)
  A shadow (D:11)
  Sigmund (D:5)
  10 yaks (D:10)
  3 wyverns
  2 basilisks
  2 steam dragons
  3 vampire mosquitoes (D:10)
  An acid dragon (D:8)
  Duvessa (D:7)
  A water moccasin (Lair:1)
  26 orc warriors
  5 sky beasts
  An ice beast (D:7)
  4 ogres
  7 wolves (Lair:1)
  4 centaurs
  A kobold brigand (Sewer)
  The ghost of audacious124 the Digger, an amateur GrEE (D:3)
  2 bullfrogs (Lair:1)
  8 scorpions
  A gnoll sergeant (D:11)
  12 wights
  Dowan (D:7)
  20 killer bees
  4 howler monkeys
  7 electric eels (Bailey)
  3 jellies
  3 hounds
  6 orc priests
  Crazy Yiuf (D:7)
  7 orc wizards
  3 iguanas (D:6)
  A wolf simulacrum (IceCv)
  11 gnolls
  4 river rats (Sewer)
  10 adders
  A shadow imp (D:6)
  14 white imps
  2 worms
  2 dart slugs
  56 orcs
  16 ball pythons
  5 endoplasms
  9 giant cockroaches
  15 goblins
  17 hobgoblins
  5 jackals
  9 quokkas
  6 bats
  5 frilled lizards
  13 kobolds
  8 rats
396 creatures vanquished.

Vanquished Creatures (collateral kills)
  A freezing wraith (IceCv)
  A death yak simulacrum (IceCv)
  A water moccasin (Lair:1)
  An orc warrior (D:10)
  A black bear (D:8)
  A phantom (D:5)
  An elephant simulacrum (IceCv)
  2 orc priests
  2 gnolls (D:3)
  A dart slug (D:1)
  An orc (D:10)
  An endoplasm (D:2)
  2 goblins (D:1)
  A kobold (D:1)
17 creatures vanquished.

Vanquished Creatures (others)
  A gnoll (Bailey)
  12 fungi
  32 plants
45 creatures vanquished.

Grand Total: 458 creatures vanquished

Notes
Turn   | Place    | Note
-------+----------+-------------------------------------------
     0 | D:1      | gelatine the Demonspawn Gladiator began the quest for the
                  | Orb.
     0 | D:1      | Reached XP level 1. HP: 16/16 MP: 1/1
   431 | D:1      | Gained mutation: A weak demonic guardian rushes to your
                  | aid. [demonic ancestry]
   431 | D:1      | Reached XP level 2. HP: 12/22 MP: 2/2
   442 | D:1      | Reached skill level 3 in Axes
  1466 | D:1      | Found a faded altar of an unknown god.
  1476 | D:1      | Reached XP level 3. HP: 27/27 MP: 3/3
  2645 | D:3      | Gained mutation: You have large cloven feet. [demonic
                  | ancestry]
  2645 | D:3      | Reached XP level 4. HP: 33/33 MP: 4/4
  2671 | D:3      | Reached skill level 1 in Armour
  3111 | D:3      | Noticed an ogre
  3111 | D:3      | Noticed audacious124's ghost (amateur GrEE)
  3113 | D:3      | Found a transporter.
  3114 | D:3      | Noticed an ogre
  3114 | D:3      | Identified the +2 dire flail of Crawling {antimagic, *Noise
                  | Drain Will+ Dex+8}
  3114 | D:3      | Noticed an ogre
  3714 | D:4      | Reached XP level 5. HP: 29/38 MP: 5/5
  4149 | D:4      | Reached skill level 4 in Axes
  4221 | D:4      | Found Niodghua's Book Shop.
  4614 | D:4      | Gained mutation: A demonic guardian rushes to your aid.
                  | [demonic ancestry]
  4614 | D:4      | Reached XP level 6. HP: 26/47 MP: 6/6
  5109 | D:5      | Entered Level 5 of the Dungeon
  5757 | D:5      | Found a radiant altar of Vehumet.
  5765 | D:5      | Noticed Sigmund
  5781 | D:5      | Killed Sigmund
  5782 | D:5      | Reached XP level 7. HP: 47/52 MP: 7/7
  5955 | D:5      | Reached skill level 5 in Axes
  6174 | D:6      | Identified the +10 war axe of Rienwoj {freeze, rPois rN+
                  | Str+4}
  6382 | D:6      | Found a glowing drain.
  6400 | Sewer    | Entered a sewer
  7045 | Sewer    | Reached skill level 5 in Fighting
  7045 | Sewer    | Reached skill level 7 in Axes
  7045 | Sewer    | Reached skill level 5 in Armour
  7045 | Sewer    | Reached skill level 5 in Dodging
  7045 | Sewer    | Gained mutation: Spells you cast may paralyse adjacent
                  | enemies. [demonic ancestry]
  7045 | Sewer    | Reached XP level 8. HP: 64/64 MP: 7/11
  7048 | Sewer    | Learned a level 1 spell: Slow
  7185 | Sewer    | Identified 3 scrolls of acquirement
  7185 | Sewer    | Acquired the +0 pair of gloves of the Dancing Gods {rF+
                  | Regen+ MP+9 Int+4}
  7193 | Sewer    | Acquired the amulet "Reonuhy" {Reflect Str+6 SH+5}
  7322 | D:6      | Gained mutation: A powerful demonic guardian rushes to your
                  | aid. [demonic ancestry]
  7322 | D:6      | Reached XP level 9. HP: 69/69 MP: 12/12
  7394 | D:6      | Found a shimmering altar of Xom.
  7394 | D:6      | Found a sacrificial altar of Ru.
  7636 | D:6      | Found a staircase to the Ecumenical Temple.
  7653 | D:6      | Noticed a two-headed ogre
  7660 | D:6      | Killed a two-headed ogre
  7735 | D:6      | Reached skill level 8 in Axes
  8561 | D:7      | Noticed Dowan
  8564 | D:7      | Noticed Duvessa
  8568 | D:7      | Killed Dowan
  8574 | D:7      | Killed Duvessa
  8845 | D:7      | Found a runed translucent door.
  8846 | D:7      | Noticed Crazy Yiuf
  8851 | D:7      | Killed Crazy Yiuf
  8975 | D:8      | Gained mutation: You are partially covered in icy blue
                  | scales. (AC +2) [demonic ancestry]
  8975 | D:8      | Reached XP level 10. HP: 76/76 MP: 13/13
  8979 | D:8      | Reached skill level 1 in Shields
  9003 | D:8      | Found Ulydweh's Antique Weapon Shop.
  9038 | D:8      | Noticed an elephant
  9047 | D:8      | Killed an elephant
  9194 | D:8      | Acquired the +0 kite shield "Vone" {rElec rC+}
  9251 | D:8      | Found a shimmering blue altar of Sif Muna.
  9291 | D:8      | Found a staircase to the Lair.
  9388 | D:8      | Reached skill level 9 in Axes
  9703 | D:9      | Identified the +7 long sword of Armageddon {freeze, Fragile
                  | Int+7 Dex+7}
  9820 | D:9      | Found a basalt altar of Yredelemnul.
  9975 | D:9      | Noticed a two-headed ogre
  9978 | D:9      | Killed a two-headed ogre
 10322 | D:10     | Entered Level 10 of the Dungeon
 10322 | D:10     | Noticed Joseph
 10327 | D:10     | Killed Joseph
 10341 | D:10     | Noticed a gargoyle
 10360 | D:10     | Killed a gargoyle
 10361 | D:10     | Gained mutation: Spells you cast may paralyse nearby
                  | enemies. [demonic ancestry]
 10361 | D:10     | Reached XP level 11. HP: 61/83 MP: 14/14
 10404 | D:10     | Noticed Amaemon
 10416 | D:10     | Killed Amaemon
 10417 | D:10     | Reached skill level 10 in Axes
 10549 | D:10     | Noticed Harold
 10555 | D:10     | Killed Harold
 10804 | D:10     | Found a staircase to the Orcish Mines.
 10890 | D:10     | Found a flagged portal.
 10907 | Bailey   | Entered a bailey
 11095 | Bailey   | Acquired the +7 broad axe of Qawafu {vorpal, rPois}
 11226 | Bailey   | Found an iron altar of Okawaru.
 11282 | Bailey   | Identified the +8 dagger "Lifebane" {venom, rN+ Int+3}
 11607 | D:10     | Reached skill level 11 in Axes
 11727 | D:10     | Noticed Maggie
 11736 | D:10     | Killed Maggie
 11799 | D:11     | Noticed Erolcha
 11813 | Abyss:2  | Cast into level 2 of the Abyss (Erolcha)
 11822 | D:11     | Escaped the Abyss
 11825 | D:11     | Killed Erolcha
 11830 | D:11     | Gained mutation: You are mostly covered in icy blue scales.
                  | (AC +3) [demonic ancestry]
 11830 | D:11     | Reached XP level 12. HP: 57/92 MP: 15/15
 12543 | D:3      | Found a transporter.
 12548 | D:3      | Killed audacious124's ghost
 12709 | Temple   | Entered the Ecumenical Temple
 13012 | D:6      | Found a burning altar of Makhleb.
 13016 | D:6      | Found an ornate altar of the Wu Jian Council.
 13252 | Lair:1   | Entered Level 1 of the Lair of Beasts
 13467 | Lair:1   | Noticed a seven-headed hydra
 13670 | Lair:1   | Reached skill level 5 in Shields
 13738 | Lair:1   | Reached skill level 12 in Axes
 13765 | Lair:1   | Killed a seven-headed hydra
 14232 | Lair:2   | Found a hole to the Spider Nest.
 14242 | Lair:2   | Reached skill level 1 in Maces & Flails
 14357 | Lair:2   | Noticed a minotaur
 14358 | Lair:2   | Noticed Mistam's ghost (journeyman TeCj)
 14377 | Lair:2   | Found a runed translucent gate.
 14377 | Lair:2   | Found a runed translucent gate.
 14377 | Lair:2   | Found a runed translucent gate.
 14419 | Lair:2   | Found a staircase to the Shoals.
 14508 | Lair:2   | Found a frozen archway.
 14523 | IceCv    | Entered an ice cave
 14536 | IceCv    | Found a transporter.
 14548 | IceCv    | Found a transporter.
 14567 | IceCv    | Killed from afar by an ice statue

Illustrated notes

Levels and vault maps discovered:
D:1:      wander_arrival_peaceful_grave, layout_loops_cross,
          hellmonk_ecumenical_altar_lost_god, serial_bayou_lake_a
D:2:      layout_basic
D:3:      layout_basic, gammafunk_ghost_smash, kennysheep_generic_room_5
D:4:      layout_layer_cave, serial_shops, shop
D:5:      layout_basic, mainiacjoe_overflow_alcove_4, uniq_sigmund
D:6:      minmay_diamond_boxcup, layout_basic, nicolae_overflow_hidden_temple,
          temple_fountains, gup_sewer_entry_pipe
D:7:      layout_basic, uniq_crazy_yiuf_cottage, uniq_duvessa
D:8:      layout_gridville, mainiacjoe_overflow_divided_tiny,
          david_lair_generic, serial_shops, nicolae_stop_n_shop_2,
          nicolae_elevator_lobby_plus
D:9:      layout_roguey, mainiacjoe_overflow_boulevard
D:10:     layout_loops_ring, david_orc_5, enter_bailey_5, uniq_joseph,
          uniq_harold, uniq_amaemon, uniq_maggie
D:11:     layout_roguey [special_room_orc], uniq_erolcha
Temple:   oiseaux_autumnal_temple
Lair:1:   layout_long_grid, uniq_urug
Lair:2:   layout_roguey, elwin_shoals_entry_stream,
          nicolae_spider_entry_non_spiders, maelrawn_ghost_gauntlet_escape,
          portal_ice_cave_entry_imps, infiniplex_staircase_pool_2
IceCv:    ice_cave_statue_garden_transporter

Skill      XL: |  1  2  3  4  5  6  7  8  9 10 11 12 |
---------------+-------------------------------------+-----
Throwing       | 2 3 4 |  4.3
Dodging        | 3 5 6 7 |  7.4
Axes           | 3 4 7 8 9 11 12 | 12.3
Armour         | 1 2 5 6 7 |  7.1
Fighting       | 3 5 6 8 |  8.8
Stealth        | 2 3 4 |  4.5
Unarmed Combat | 2 |  2.3
Spellcasting   | 2 |  2.4
Hexes          | 3 |  3.1
Translocations | 2 |  2.3
Invocations    | 3 |  3.7
Evocations     | 2 |  2.6
Shields        | 2 3 5 |  5.4
Maces & Flails | 1 |  1.7
Short Blades   | |  0.5
Ranged Weapons | |  0.5

Action                   |  1- 3 |  4- 6 |  7- 9 | 10-12 || total
-------------------------+-------+-------+-------+-------++-------
Melee: War axe           |   141 |   127 |   164 |   398 ||   830
       Punch             |     1 |       |       |     3 ||     4
       Kick              |       |    40 |    38 |   109 ||   187
       Dire flail        |       |       |       |     9 ||     9
       Dagger            |       |       |       |     4 ||     4
 Fire: Arbalest          |       |     4 |       |       ||     4
Throw: Throwing net      |       |     9 |       |     2 ||    11
       Dart              |       |       |     7 |     2 ||     9
       Boomerang         |       |       |       |    10 ||    10
 Cast: Slow              |       |       |       |     3 ||     3
Evoke: Wand              |       |       |       |     2 ||     2
  Use: Potion            |       |     2 |     1 |     4 ||     7
       Scroll            |       |       |    17 |    17 ||    34
 Stab: Sleeping          |       |       |       |     3 ||     3
       Distracted        |       |       |       |     1 ||     1
       Paralysed         |       |       |       |     4 ||     4
Armor: Leather armour    |    62 |     2 |       |       ||    64
       Scale mail        |       |    78 |    49 |    20 ||   147
       Acid dragon scale |       |       |       |   133 ||   133
Dodge: Dodged            |   116 |    79 |    78 |   213 ||   486
Block: Other             |       |       |    14 |    19 ||    33
       Reflection        |       |       |     1 |     6 ||     7
       Kite shield       |       |       |       |   238 ||   238

Table legend: (Time is in decaauts)
 A = Elapsed time spent in this place.
 B = Non-inter-level travel time spent in this place.
 C = Inter-level travel time spent in this place.
 D = Time resting spent in this place.
 E = Time spent auto-exploring this place.
 F = Levels seen in this place.
 G = Mean time per level.
                   A        B        C        D        E       F      G
               +--------+--------+--------+--------+--------+-----+--------+
         Total |  15003 |  13788 |   1215 |    788 |   9723 |  18 |  833.5 |
       Dungeon |  11789 |  10646 |   1143 |    578 |   7904 |  11 | 1071.7 |
        Temple |    307 |    252 |     55 |      0 |    231 |   1 |  307.0 |
          Lair |   1274 |   1258 |     16 |    110 |    848 |   2 |  637.0 |
         Abyss |      8 |      8 |      0 |      0 |      0 |   1 |    8.0 |
         Sewer |   1020 |   1020 |      0 |    100 |    611 |   1 | 1020.0 |
        Bailey |    553 |    553 |      0 |      0 |    127 |   1 |  553.0 |
      Ice Cave |     49 |     49 |      0 |      0 |      0 |   1 |   49.0 |
               +--------+--------+--------+--------+--------+-----+--------+

Top non-repeatable levels by time:
     D:1: 1844 daAuts
     D:4: 1667 daAuts
     D:6: 1276 daAuts
     D:3: 1129 daAuts
   Sewer: 1020 daAuts
     D:5: 1010 daAuts
    D:10: 971 daAuts
     D:7: 970 daAuts
  Lair:1: 939 daAuts
     D:2: 872 daAuts
     D:8: 808 daAuts
     D:9: 688 daAuts
  Bailey: 553 daAuts
    D:11: 550 daAuts
  Lair:2: 334 daAuts
